 Dungeon Crawl Stone Soup version 0.22.0 (webtiles) character file.

46 letownia2 the Insei (level 3, -5/26 HPs)
             Began as a Demonspawn Transmuter on Aug 11, 2018.
             Slain by an orc
             ... wielding a +0 whip
              (9 damage)
             ... on level 3 of the Dungeon.
             The game lasted 00:04:32 (734 turns).

letownia2 the Insei (Demonspawn Transmuter)          Turns: 734, Time: 00:04:32

Health: -5/26      AC:  2    Str: 11    XL:     3   Next: 46%
Magic:  1/6        EV: 12    Int: 14    God:
Gold:   73         SH:  0    Dex: 13    Spells: 3/6 levels left

rFire    . . .     SeeInvis .     - Unarmed
rCold    . . .     Gourm    .   (no shield)
rNeg     + . .     Faith    .   b - +0 robe
rPois    .         Spirit   .   (no helmet)
rElec    .         Reflect  .   (no cloak)
rCorr    .         Harm     +   (no gloves)
MR       .....                  (no boots)
Stlth    +.........             l - amulet of harm
HPRegen  0.08/turn              h - ring of positive energy
MPRegen  0.10/turn              (no ring)

@: appendage
A: horns 2, powered by pain 1
a: End Transformation


You were on level 3 of the Dungeon.
You were hungry.
You had grown temporary horns.
You visited 1 branch of the dungeon, and saw 3 of its levels.

You collected 73 gold pieces.

Inventory:

Missiles
 a - 27 arrows
 c - 17 poisoned needles
Armour
 b - a +0 robe (worn)
 e - a +0 chain mail
Jewellery
 h - a ring of positive energy (left hand)
 l - an amulet of harm (around neck)
Scrolls
 f - 2 scrolls of identify {unknown}
 g - a scroll of remove curse {unknown}
 i - a scroll of enchant weapon {unknown}
 j - a scroll of teleportation {unknown}
 n - a scroll of immolation {unknown}
Potions
 k - a potion of flight {unknown}
 m - a potion of heal wounds {unknown}
Comestibles
 d - 5 rations


   Skills:
 - Level 1.0 Fighting
 - Level 1.7 Dodging
 + Level 4.1 Unarmed Combat
 - Level 2.0 Spellcasting
 - Level 1.7 Transmutations


You had 3 spell levels left.
You knew the following spells:

 Your Spells              Type           Power        Failure   Level  Hunger
a - Beastly Appendage     Tmut           #.....       12%         1    ##.....
l - Sticks to Snakes      Tmut           #.......     17%         2    ###....

Your spell library contained the following spells:

 Spells                   Type           Power        Failure   Level  Hunger
 Spider Form              Tmut/Pois      #.........   45%         3    ####...
 Blade Hands              Tmut           #.........   97%         5    ######.
 Ice Form                 Ice/Tmut       #.......     86%         4    #####..


Dungeon Overview and Level Annotations

Branches:
Dungeon (3/15)

Altars:
Yredelemnul
Beogh

Annotations:
D:3 3 runed doors, TotesWizzard's ghost, amateur FoAK


Innate Abilities, Weirdness & Mutations

You sometimes gain a little power by taking damage.
You have a pair of horns on your head.


Message History

Casting: Beastly Appendage (safe; 12% risk of failure)
Confirm with . or Enter, or press ? or * to list all spells.
You create a snake!
You now have 27 arrows.
The orc barely misses your ball python.
Unknown command.
You closely miss the orc. Your headbutt misses the orc.
The orc is moderately wounded.
The orc barely misses you.
Your ball python bites the orc.
Your ball python closely misses the orc.
Unknown command.
You barely miss the orc.
The orc is heavily wounded.
The orc closely misses you.
Your ball python bites the orc but does no damage.
Your ball python barely misses the orc.
Unknown command.
You hit the orc.
The orc is heavily wounded.
The orc hits you with a whip!
You die...

#..+o#...[
#..#.#....
#..#o.##..
#..#Wo#8..
#..#oo##..
#..#o....8
#.8#######
#S#####.#
#@ooor..# # #
#####o..#
.###.# #...#
#.....#
#..o##...##
#....o.o..#
#...##r......
#...# .......
#...# .....o.
#...# .......


You could see TotesWizzard's ghost, 7 orcs, a quokka and a friendly ball python.

Vanquished Creatures
  An adder (D:2)
  A dart slug (D:2)
  4 leopard geckos
  2 giant cockroaches (D:1)
  8 goblins
  3 hobgoblins (D:1)
  3 jackals (D:3)
  A quokka (D:3)
  A ball python (D:1)
  2 bats
  2 kobolds
  5 rats
33 creatures vanquished.

Vanquished Creatures (collateral kills)
  A rat (D:2)
1 creature vanquished.

Grand Total: 34 creatures vanquished

Notes
Turn   | Place    | Note
-------+----------+-------------------------------------------
     0 | D:1      | letownia2 the Demonspawn Transmuter began the quest for the Orb.
     0 | D:1      | Reached XP level 1. HP: 15/15 MP: 3/3
    74 | D:1      | Reached skill level 3 in Unarmed Combat
   149 | D:1      | Gained mutation: You sometimes gain a little power by taking damage. [demonic ancestry]
   149 | D:1      | Reached XP level 2. HP: 3/21 MP: 5/5
   173 | D:1      | HP: 1/21 [kobold/short sword (3)]
   335 | D:2      | Learned a level 2 spell: Sticks to Snakes
   433 | D:2      | Reached XP level 3. HP: 9/26 MP: 1/6
   469 | D:2      | Found a basalt altar of Yredelemnul.
   482 | D:2      | Noticed an ice beast
   540 | D:2      | Reached skill level 4 in Unarmed Combat
   689 | D:3      | Found a runed gate.
   690 | D:3      | Found a runed gate.
   690 | D:3      | Noticed TotesWizzard's ghost (amateur FoAK)
   691 | D:3      | Found a runed gate.
   705 | D:3      | Found a roughly hewn altar of Beogh.
   734 | D:3      | Slain by an orc

Skill      XL: |  1  2  3 |
---------------+----------+-----
Unarmed Combat | 3 4 |  4.1
Fighting       | |  1.0
Dodging        | |  1.7
Spellcasting   | |  2.0
Transmutations | |  1.7

Action                   || total
-------------------------++-------
Melee: Unarmed           ||   109
       Kick              ||    13
       Punch             ||     3
       Headbutt          ||     5
 Cast: Beastly Appendage ||    24
       Sticks to Snakes  ||     6
 Stab: Distracted        ||     1
Armor: Robe              ||    19
Dodge: Dodged            ||    54
